 Dungeon Crawl Stone Soup version 0.17-a0-2014-g32cd421 (webtiles) character file.

198196 brucemayne the Executioner (level 17, -5/192 HPs)
             Began as a Hill Orc Berserker on Oct 9, 2015.
             Was a High Priest of Trog.
             Slain by an acid blob (6 damage)
             ... created by the royal jelly
             ... on level 6 of the Pits of Slime.
             The game lasted 01:34:56 (15566 turns).

brucemayne the Executioner (Hill Orc Berserker)    Turns: 15566, Time: 01:34:57

Health: -5/192     AC:  5    Str: 30    XL:     17   Next: 98%
Magic:  20/20      EV: 12    Int: 15    God:    Trog [*****.]
Gold:   951        SH:  0    Dex: 15    Spells: 0 memorised, 16 levels left

rFire  + . .     SeeInvis .     X - +4 battleaxe (venom)
rCold  + + .     Rnd*Rage +     r - +2 plate armour of Duxzunuso {rPois Dex+5}
rNeg   . . .     SustAt   .     (no shield)
rPois  +         Gourm    .     (helmet restricted)
rElec  +         Spirit   .     a - +2 cloak "Miypsemoo" {Regen+}
rCorr  +         Warding  .     y - +2 pair of gloves
rMut   .         Stasis   .     k - +1 pair of boots
MR     +....                    w - amulet of faith
Stlth  ..........               E - ring "Ipref" {Ice Int+6}
                                C - ring of protection from fire

@: mighty, berserking, resistant, corroded equipment, very quick, somewhat
resistant to hostile enchantments, extremely unstealthy
A: antennae 1, berserk 1, frail 2
a: Burn Spellbooks, Berserk, Trog's Hand, Brothers in Arms, Renounce Religion
}: 2/15 runes: serpentine, barnacled


You were on level 6 of the Pits of Slime.
You worshipped Trog.
Trog was extremely pleased with you.
You were not hungry.

You visited 7 branches of the dungeon, and saw 41 of its levels.
You also visited: Bailey.

You collected 2152 gold pieces.
You spent 1201 gold pieces at shops.

Inventory:

Hand Weapons
 i - a +3 antimagic battleaxe
 t - a +0 blowgun
 Q - a +6 antimagic battleaxe
 X - a +4 battleaxe of venom (weapon)
Missiles
 c - 3 poisoned javelins
 x - 3 throwing nets
 A - 22 javelins (quivered)
Armour
 a - the +2 cloak "Miypsemoo" (worn) {Regen+}
   (You bought it in a shop on level 3 of the Orcish Mines)

   It increases your rate of regeneration.
 k - a +1 pair of boots (worn)
 r - the +2 plate armour of Duxzunuso (worn) {rPois Dex+5}
   (You bought it in a shop on level 10 of the Dungeon)

   It affects your dexterity (+5).
   It protects you from poison.
 y - a +2 pair of gloves (worn)
Jewellery
 m - an uncursed ring of teleportation
 w - an amulet of faith (around neck)
 C - a ring of protection from fire (left hand)
 D - an uncursed ring of stealth
 E - the ring "Ipref" (right hand) {Ice Int+6}
   (You bought it in a shop on level 3 of the Orcish Mines)

   [ring of ice]

   It enhances your ice magic, and weakens your fire magic.
   It affects your intelligence (+6).
   It makes you vulnerable to fire.
   It protects you from cold.
Wands
 b - a wand of digging (5)
 f - a wand of teleportation (4)
 h - a wand of teleportation (4)
 l - a wand of teleportation (5)
 n - a wand of paralysis (10)
 T - a wand of lightning (8)
Scrolls
 g - a scroll of identify
 j - 4 scrolls of remove curse
 p - 3 scrolls of recharging
 q - a scroll of fog
 B - 6 scrolls of enchant armour
 K - a scroll of blinking
 R - 2 scrolls of teleportation
Potions
 d - a potion of heal wounds
 e - 4 potions of curing
 s - a potion of cancellation
 u - a potion of magic
 J - 2 potions of berserk rage
 Z - 2 potions of resistance
Books
 o - a book of Debilitation

   Spells                             Type                      Level
   a - Corona                         Hexes                        1
   b - Slow                           Hexes                        2
   c - Gell's Gravitas                Hexes/Translocation          3
   d - Inner Flame                    Hexes/Fire                   3
   e - Cause Fear                     Hexes                        4
   f - Leda's Liquefaction            Hexes/Earth                  4
   Trog disapproves of the use of such an item.
Comestibles
 W - 3 meat rations


   Skills:
 + Level 17.0 Fighting
 - Level 25.4 Axes
 + Level 16.2 Armour
 - Level 7.0 Dodging
 - Level 5.0 Evocations


You had 16 spell levels left.
You didn't know any spells.

Dungeon Overview and Level Annotations

Branches:
Dungeon (14/15)            Temple (1/1) D:6            Lair (8/8) D:10
 Shoals (4/4) Lair:4        Snake (4/4) Lair:4        Slime (6/6) Lair:8
    Orc (4/4) D:9
    Elf: Orc:3-4     Vaults: D:13-14

Altars:
Ashenzari
Cheibriados
Dithmenos
Elyvilon
Gozag
Kikubaaqudgha
Makhleb
Nemelex Xobeh
Okawaru
Qazlal
Ru
Sif Muna
Trog
Vehumet
Xom
Yredelemnul
Zin
The Shining One
Beogh
Jiyva

Shops:
D:5 *   D:10 *   D:11 (   D:13 }   Orc:3 [**[   Orc:4 [[**   Shoals:2 (
Shoals:4 *:   Snake:2 *

Annotations:
D:10 exclusion: upstairs
Slime:6 Royal Jelly


Innate Abilities, Weirdness & Mutations

You have a pair of small antennae on your head.
You tend to lose your temper in combat.
You are very frail (-20% HP).


Message History

You slice the acid blob!!
Your hands burn!
* * * LOW HITPOINT WARNING * * *
The acid blob is severely wounded.
The azure jelly closely misses you. The azure jelly hits you!
* * * LOW HITPOINT WARNING * * *
The azure jelly freezes you. You resist.
* * * LOW HITPOINT WARNING * * *
The azure jelly hits you!
* * * LOW HITPOINT WARNING * * *
The azure jelly barely misses you.
Unknown command.
Your plate armour of Duxzunuso prevents you from hitting the azure jelly.
The azure jelly is severely wounded.
You hit the acid blob but do no damage.
Your hands burn!
* * * LOW HITPOINT WARNING * * *
The acid blob is almost dead.
You slice the acid blob!!
You kill the acid blob!
That felt strangely unrewarding.
The acid blob hits you.
You die...

..................
..................
..................
..................
..................
..................
....###..#..#.....
...# #J#####.....
..# #J@# ##... ##
##J# #.. #.J# ..
#J## #J.# ##.# J#
_. ...


You could see the royal jelly, an acid blob, 2 azure jellies and 2 death oozes.

Vanquished Creatures
  Rupert (Orc:2)
  8 acid blobs
  9 greater nagas
  An azure jelly (Slime:5)
  Azrael (Snake:1)
  2 death oozes (Slime:6)
  A merfolk javelineer (Shoals:4)
  An ettin (Orc:4)
  Josephine (D:10)
  A merfolk impaler (Shoals:4)
  3 great orbs of eyes
  4 anacondas
  9 naga warriors
  A catoblepas (Lair:6)
  A hydra (Lair:8)
  A merfolk avatar (Shoals:4)
  An alligator snapping turtle (Shoals:4)
  2 merfolk aquamancers (Shoals:4)
  7 death yaks
  7 naga sharpshooters
  Urug (Lair:1)
  5 shock serpents
  Nergalle (Orc:2)
  3 orc high priests (Orc:4)
  7 naga ritualists
  5 sea snakes
  6 harpies
  An unseen horror (D:12)
  3 orc sorcerers (Orc:4)
  2 hill giants
  7 mana vipers
  A wolf spider (Lair:8)
  7 griffons
  6 orc knights
  3 cyclopes
  An ugly thing (D:13)
  A faun (Shoals:3)
  3 shining eyes
  5 manticores
  2 water nymphs
  4 elephants (Lair:5)
  5 salamanders
  34 black mambas
  26 naga magi
  A centaur zombie (D:12)
  2 sirens
  8 spiny frogs
  An eye of devastation (Slime:6)
  A torpor snail (Lair:5)
  4 guardian serpents
  A gargoyle (D:10)
  A kobold demonologist (D:11)
  4 trolls
  4 two-headed ogres
  5 komodo dragons
  A polar bear (Lair:4)
  A wind drake (Shoals:4)
  5 blink frogs (Lair:4)
  12 merfolk
  5 snapping turtles
  60 slime creatures
  2 redbacks (Lair:8)
  3 wyverns
  A water elemental (Shoals:2)
  33 yaks
  2 basilisks
  3 vampire mosquitoes
  5 wraiths (D:10)
  3 fire elementals (Snake:1)
  3 wargs (Orc:4)
  4 hippogriffs
  2 hungry ghosts (D:9)
  26 nagas
  2 hell hounds (Snake:1)
  2 ice beasts
  A spider (Lair:8)
  14 water moccasins
  2 black bears
  35 orc warriors
  2 wasps (Lair:8)
  5 porcupines
  3 sky beasts
  An eye of draining (Slime:5)
  14 ogres
  10 crocodiles
  5 big kobolds
  6 centaurs
  14 giant frogs
  A brain worm (Lair:4)
  A gnoll sergeant (D:10)
  A water moccasin zombie (D:7)
  4 wights (D:9)
  4 killer bees (D:11)
  4 scorpions
  The ghost of brucemayne the Chopper, a weakling HOBe of Trog (D:3)
  6 crimson imps
  A giant frog zombie (D:12)
  13 jellies
  2 centaur skeletons (D:11)
  2 hounds
  2 giant frog skeletons
  6 iguanas
  38 orc priests
  14 orc wizards
  8 worker ants
  11 sheep
  A worker ant zombie (D:9)
  29 river rats
  10 adders
  5 gnolls
  3 shadow imps
  2 adder skeletons
  A giant gecko (D:7)
  157 orcs
  2 bats
  3 giant cockroaches
  5 hobgoblins
  9 jackals
  3 quokkas
  2 giant newts
  3 goblins (Bailey)
  24 kobolds
  2 rats
  4 fungi
  11 plants
915 creatures vanquished.

Vanquished Creatures (collateral kills)
  Vashnia (Snake:3)
  A greater naga (Snake:4)
  Donald (Orc:4)
  An orc warlord (Orc:4)
  A merfolk javelineer (Shoals:4)
  A merfolk impaler (Shoals:4)
  2 hydras (Lair:7)
  A satyr (Shoals:2)
  4 naga sharpshooters (Snake:3)
  An orc high priest (Orc:4)
  A sea snake (Shoals:4)
  3 harpies (Shoals:4)
  2 fauns (Shoals:2)
  2 water nymphs (Shoals:4)
  7 slime creatures (Slime:3)
  2 merfolk (Shoals:4)
  2 nagas (Snake:4)
  A water moccasin (Lair:7)
  5 orc warriors (Orc:4)
  A jelly (Slime:3)
  6 river rats (Lair:7)
  An orc (Orc:4)
47 creatures vanquished.

Vanquished Creatures (others)
  An unseen horror (D:10)
  5 fungi
  10 plants
16 creatures vanquished.

Grand Total: 978 creatures vanquished

Notes
Turn   | Place    | Note
--------------------------------------------------------------
     0 | D:1      | brucemayne the Hill Orc Berserker began the quest for the Orb.
     0 | D:1      | Reached XP level 1. HP: 19/19 MP: 1/1
    30 | D:2      | Found a sparkling altar of Nemelex Xobeh.
    54 | D:2      | Reached skill level 5 in Axes
    54 | D:2      | Reached XP level 2. HP: 26/26 MP: 2/2
   126 | D:3      | Noticed brucemayne's ghost (weakling HOBe)
   137 | D:3      | Killed brucemayne's ghost
   137 | D:3      | Reached skill level 6 in Axes
   137 | D:3      | Reached XP level 3. HP: 11/31 MP: 3/3
   137 | D:3      | Reached XP level 4. HP: 13/39 MP: 4/4
   173 | D:3      | Found a radiant altar of Vehumet.
   206 | D:4      | Got a jacinth-encrusted leather armour
   218 | D:4      | Identified the +2 leather armour of Reilua {rPois rF+ rCorr Str-2} (You found it on level 4 of the Dungeon)
   256 | D:4      | Noticed an ogre
   263 | D:4      | Killed an ogre
   263 | D:4      | Reached skill level 7 in Axes
   263 | D:4      | Reached XP level 5. HP: 23/45 MP: 5/5
   309 | D:5      | Entered Level 5 of the Dungeon
   396 | D:5      | Reached skill level 8 in Axes
   404 | D:5      | Found Muade's Elemental Accessories.
   451 | D:4      | Found a shadowy altar of Dithmenos.
   457 | D:4      | Found a glowing golden altar of the Shining One.
   504 | D:5      | Reached XP level 6. HP: 36/51 MP: 6/6
   518 | D:5      | Noticed a crocodile
   528 | D:5      | Killed a crocodile
   528 | D:5      | Reached skill level 9 in Axes
   596 | D:4      | Noticed an ogre
   602 | D:4      | Killed an ogre
   721 | D:6      | Found a staircase to the Ecumenical Temple.
   734 | D:6      | Reached skill level 10 in Axes
   734 | D:6      | Reached XP level 7. HP: 57/57 MP: 7/7
   743 | Temple   | Entered the Ecumenical Temple
   833 | D:6      | Acquired Trog's second power
   999 | D:7      | Reached skill level 11 in Axes
  1246 | D:7      | Found a stormy altar of Qazlal.
  1270 | D:7      | Reached XP level 8. HP: 35/64 MP: 8/8
  1313 | D:7      | Found a basalt altar of Yredelemnul.
  1638 | D:8      | Reached skill level 12 in Axes
  1783 | D:10     | Entered Level 10 of the Dungeon
  1831 | D:9      | Reached skill level 5 in Fighting
  1988 | D:10     | Noticed a gargoyle
  2005 | D:10     | Killed a gargoyle
  2005 | D:10     | Reached XP level 9. HP: 75/75 MP: 9/9
  2064 | D:10     | Noticed a hill giant
  2081 | D:10     | Killed a hill giant
  2081 | D:10     | Reached skill level 13 in Axes
  2210 | D:10     | Gained mutation: You have a pair of small antennae on your head. [mutagenic meat]
  2221 | D:10     | Gained mutation: You are agile. (Dex +2) [mutagenic meat]
  2319 | D:10     | Noticed a two-headed ogre
  2328 | D:10     | Reached skill level 14 in Axes
  2329 | D:10     | Killed a two-headed ogre
  2416 | D:10     | Found Doramoc's General Store.
  2453 | D:10     | Reached XP level 10. HP: 91/91 MP: 10/10
  2687 | D:10     | Noticed Josephine
  2728 | D:11     | Noticed a six-headed hydra
  2756 | D:10     | Killed an unseen horror
  2756 | D:10     | Reached skill level 15 in Axes
  2764 | D:10     | Killed Josephine
  2764 | D:10     | Reached skill level 16 in Axes
  2783 | D:10     | Noticed a komodo dragon
  2799 | D:10     | Killed a komodo dragon
  2860 | D:10     | Found a staircase to the Lair.
  2910 | D:11     | Found a sacrificial altar of Ru.
  2950 | D:11     | Noticed a komodo dragon
  2986 | D:12     | Noticed a cyclops
  3028 | D:10     | Gained mutation: You can spit weak poison. [potion of mutation]
  3028 | D:10     | Gained mutation: Your magical capacity is low (-10% MP). [potion of mutation]
  3028 | D:10     | Gained mutation: You are frail (-10% HP). [potion of mutation]
  3165 | D:11     | Identified a scroll of acquirement
  3217 | D:11     | Reached skill level 17 in Axes
  3280 | D:11     | Acquired Trog's third power
  3294 | D:11     | Killed a komodo dragon
  3294 | D:11     | Reached XP level 11. HP: 87/87 MP: 9/9
  3378 | D:11     | Noticed a centaur skeleton
  3401 | D:11     | Killed a centaur skeleton
  3401 | D:11     | Reached skill level 18 in Axes
  3480 | D:11     | Found Fykhlaar's Weapon Shop.
  3501 | D:11     | Noticed a cyclops
  3545 | D:11     | Killed a cyclops
  3904 | D:12     | Killed an unseen horror
  4124 | D:13     | Noticed a hill giant
  4131 | D:13     | Killed a hill giant
  4131 | D:13     | Reached skill level 19 in Axes
  4298 | D:13     | Found Zook's Gadget Boutique.
  4368 | D:13     | Reached skill level 5 in Armour
  4390 | D:13     | Found a flagged portal.
  4474 | Bailey   | Entered a bailey
  4489 | Bailey   | Noticed an orc knight
  4549 | Bailey   | Killed an orc knight
  4584 | Bailey   | Noticed an orc knight
  4600 | Bailey   | Killed an orc knight
  4673 | Bailey   | Gained mutation: Scrolls take you a little longer to read. [potion of mutation]
  4673 | Bailey   | Lost mutation: Your magical capacity is low (-10% MP). [potion of mutation]
  4673 | Bailey   | Gained mutation: You can spit poison. [potion of mutation]
  4712 | Bailey   | Got a crude falchion
  4743 | D:12     | Reached XP level 12. HP: 93/93 MP: 12/12
  4790 | D:14     | Noticed a five-headed hydra
  5142 | D:9      | Lost mutation: You can spit poison. [mutagenic meat]
  5144 | D:9      | Gained mutation: You are very frail (-20% HP). [mutagenic meat]
  5152 | D:9      | Lost mutation: You can spit weak poison. [potion of cure mutation]
  5152 | D:9      | Lost mutation: You are agile. (Dex +2) [potion of cure mutation]
  5270 | D:9      | Received a gift from Trog
  5407 | D:9      | Found a staircase to the Orcish Mines.
  5450 | Orc:1    | Entered Level 1 of the Orcish Mines
  5478 | Orc:2    | Noticed Rupert
  5482 | Orc:2    | Noticed Nergalle
  5493 | Orc:2    | Killed Rupert
  5493 | Orc:2    | Reached skill level 20 in Axes
  5503 | Orc:2    | Killed Nergalle
  5726 | Orc:1    | Received a gift from Trog
  5801 | Orc:1    | Found an iron altar of Okawaru.
  5896 | Orc:3    | Found Useod's Armour Emporium.
  5992 | Orc:3    | Found Yxzuah's General Store.
  6018 | Orc:3    | Bought the +2 cloak "Miypsemoo" {Regen+} for 236 gold pieces
  6018 | Orc:3    | Bought a scroll of magic mapping for 38 gold pieces
  6045 | Orc:3    | Found Karat's Antique Armour Emporium.
  6093 | Orc:4    | Entered Level 4 of the Orcish Mines
  6366 | Orc:4    | Noticed an ettin
  6382 | Orc:4    | Killed an ettin
  6382 | Orc:4    | Reached skill level 10 in Fighting
  6528 | Orc:4    | Received a gift from Trog
  6530 | Orc:4    | Reached skill level 10 in Armour
  6568 | Orc:4    | Noticed Donald
  6575 | Orc:4    | Reached XP level 13. HP: 86/90 MP: 13/13
  6580 | Orc:4    | Reached skill level 21 in Axes
  6607 | Orc:4    | Killed Donald
  6622 | Orc:4    | Noticed an orc warlord
  6628 | Orc:4    | Killed an orc warlord
  6638 | Orc:4    | Noticed an orc high priest
  6645 | Orc:4    | Killed an orc high priest
  6749 | Orc:4    | Received a gift from Trog
  6773 | Orc:4    | Found Orghicko's Assorted Antiques.
  6817 | Orc:4    | Noticed an orc high priest
  6822 | Orc:4    | Killed an orc high priest
  6824 | Orc:4    | Found Qytu's General Store.
  6833 | Orc:4    | Bought a scroll of identify for 28 gold pieces
  6833 | Orc:4    | Bought a scroll of identify for 28 gold pieces
  6857 | Orc:4    | Noticed an orc high priest
  6859 | Orc:4    | Found a roughly hewn altar of Beogh.
  6881 | Orc:4    | Killed an orc high priest
  6934 | Orc:4    | Noticed an orc high priest
  6947 | Orc:4    | Killed an orc high priest
  7069 | Orc:4    | Found a roughly hewn altar of Beogh.
  7188 | Orc:4    | Found Soruz's Antique Armour Boutique.
  7209 | Orc:4    | Found Efatag's Antique Armour Shop.
  7274 | Orc:3    | Found Ytyuca's Assorted Antiques.
  7323 | Orc:3    | Bought a faintly glowing glass ring for 120 gold pieces
  7328 | Orc:3    | Identified the ring "Ipref" {Ice Int+6} (You bought it in a shop on level 3 of the Orcish Mines)
  7366 | Orc:3    | Received a gift from Trog
  7657 | D:10     | Bought the +2 plate armour of Duxzunuso {rPois Dex+5} for 711 gold pieces
  7691 | Lair:1   | Entered Level 1 of the Lair of Beasts
  7694 | Lair:1   | Noticed Urug
  7724 | Lair:1   | Killed Urug
  7916 | Lair:4   | Found a staircase to the Shoals.
  7944 | Lair:4   | Reached skill level 22 in Axes
  8053 | Lair:5   | Received a gift from Trog
  8328 | Lair:6   | Reached XP level 14. HP: 53/96 MP: 14/14
  8498 | Lair:8   | Entered Level 8 of the Lair of Beasts
  8528 | Lair:8   | Found a staircase to the Slime Pits.
  8798 | Lair:8   | Received a gift from Trog
  8872 | Lair:8   | Reached skill level 1 in Evocations
  9029 | Lair:7   | Reached skill level 23 in Axes
  9541 | Lair:4   | Found a basalt altar of Yredelemnul.
  9567 | Lair:4   | Received a gift from Trog
  9814 | Lair:4   | Found a staircase to the Snake Pit.
  9871 | Snake:1  | Entered Level 1 of the Snake Pit
  9929 | Snake:1  | Noticed Azrael
  9973 | Snake:1  | Killed Azrael
 10104 | Snake:2  | Reached skill level 5 in Evocations
 10224 | Snake:2  | Gained mutation: You tend to lose your temper in combat. [mutagenic meat]
 10225 | Snake:2  | Gained mutation: You can spit weak poison. [mutagenic meat]
 10226 | Snake:2  | Lost mutation: You can spit weak poison. [mutagenic meat]
 10227 | Snake:2  | Lost mutation: Scrolls take you a little longer to read. [mutagenic meat]
 10262 | Snake:2  | Reached XP level 15. HP: 27/105 MP: 18/18
 10306 | Snake:2  | Found Leymp's Assorted Antiques.
 10387 | Snake:2  | Noticed a greater naga
 10411 | Snake:2  | Killed a greater naga
 10573 | Snake:3  | Reached skill level 24 in Axes
 10680 | Snake:4  | Entered Level 4 of the Snake Pit
 10788 | Snake:3  | Noticed a greater naga
 10802 | Snake:3  | Killed a greater naga
 10863 | Snake:3  | Noticed Vashnia
 11014 | Snake:2  | Received a gift from Trog
 11189 | Snake:3  | Killed Vashnia
 11314 | Snake:3  | Noticed a greater naga
 11333 | Snake:3  | Killed a greater naga
 11856 | Snake:4  | Received a gift from Trog
 11899 | Snake:4  | Reached XP level 16. HP: 113/117 MP: 19/19
 11919 | Snake:4  | Noticed a greater naga
 11936 | Snake:4  | Killed a greater naga
 11936 | Snake:4  | Reached skill level 25 in Axes
 11950 | Snake:4  | Noticed a greater naga
 11977 | Snake:4  | Killed a greater naga
 11977 | Snake:4  | Reached skill level 15 in Fighting
 12023 | Snake:4  | Received a gift from Trog
 12024 | Snake:4  | Noticed a greater naga
 12031 | Snake:4  | Killed a greater naga
 12053 | Snake:4  | Noticed a greater naga
 12058 | Snake:4  | Killed a greater naga
 12138 | Snake:4  | Noticed a greater naga
 12147 | Snake:4  | Killed a greater naga
 12189 | Snake:4  | Noticed a greater naga
 12216 | Snake:4  | Killed a greater naga
 12299 | Snake:4  | Noticed a greater naga
 12320 | Snake:4  | Killed a greater naga
 12459 | Snake:4  | Got a serpentine rune of Zot
 12642 | Shoals:1 | Entered Level 1 of the Shoals
 12653 | Shoals:1 | Received a gift from Trog
 12978 | Shoals:2 | Found Azaukk's Antique Weapon Emporium.
 13200 | Shoals:4 | Entered Level 4 of the Shoals
 13346 | Shoals:4 | Reached skill level 5 in Dodging
 13382 | Shoals:4 | Found Digeityb's Book Shoppe.
 13511 | Shoals:3 | Received a gift from Trog
 13562 | Shoals:4 | Reached XP level 17. HP: 96/124 MP: 20/20
 13750 | Shoals:4 | Got a barnacled rune of Zot
 13772 | Shoals:4 | Found Nemav's General Store.
 13780 | Shoals:4 | Bought a scroll of identify for 40 gold pieces
 14118 | Slime:1  | Entered Level 1 of the Pits of Slime
 14228 | Lair:8   | Reached skill level 15 in Armour
 14328 | Slime:1  | Received a gift from Trog
 14557 | Slime:3  | Paralysed by a great orb of eyes for 2 turns
 14749 | Slime:4  | Received a gift from Trog
 14819 | Slime:5  | Paralysed by a great orb of eyes for 4 turns
 14916 | Slime:6  | Entered Level 6 of the Pits of Slime
 15462 | Slime:6  | Found a viscous altar of Jiyva.
 15506 | Slime:6  | Paralysed by a great orb of eyes for 4 turns
 15552 | Slime:6  | Noticed the royal jelly
 15565 | Slime:6  | HP: 2/192 [azure jelly[the royal jelly] (10)]
 15566 | Slime:6  | Slain by an acid blob

Vault maps used:
D:1:      dpeg_arrival_water_temple_mockup
D:2:      nemelex_deck
D:3:      vehumet_crystals, serial_curves, eino_curves_02, eino_curves_03,
          gup_sewer_entry_bowl
D:4:      lemuel_crystal_altar, amethyst_overflow_temple_binary,
          minmay_misc_feat_columns, minmay_box_of_dots
D:5:      first_bread, nicolae_elemental_shop
D:6:      minmay_temple_entry_statues, basic_altar
D:7:      kennysheep_little_box, lemuel_round_altar, the_bakery,
          corexii_checkpoint_a, minmay_misc_feat_square, uniq_duvessa
D:8:      uniq_erica
D:9:      orc_0_dummy, kennysheep_nub
D:10:     david_lair_shrubbed, serial_shops, shop, uniq_josephine
D:11:     basic_altar, serial_shops, shop_statue, minmay_misc_feat_iff,
          wad_floor_pattern_untrapped
D:13:     enter_bailey_2, serial_shops, shop
D:14:     grunt_vaults_entry_tiered, serial_shops, shop, minmay_holes,
          uniq_sonja, uniq_agnes, uniq_louise, uniq_maud
Temple:   circular_temple_12
Lair:1:   beast_lair_carwin_8, uniq_urug
Lair:2:   lemuel_fruit_fields
Lair:3:   uniq_harold
Lair:4:   minmay_shoals_entry_centaurs, minmay_snake_entry_guardpost_large,
          basic_altar, serial_bayou_pond_b, lemuel_fruit_tree
Lair:5:   grunt_megastairs_3, infiniplex_staircase_pool
Lair:7:   minivault_27, grunt_forest_large_clearings
Lair:8:   hangedman_lair_tendril_chambers, minmay_slime_entry_pillars
Shoals:2: serial_shops, nicolae_shop_statue_plus, nicolae_shop_crystal,
          nicolae_shop_trees
Shoals:4: serial_shops, shop, shop, shop, shop, shoals_end_hangedman,
          shoal_ilsuiw
Snake:1:  uniq_azrael, uniq_roxanne
Snake:2:  serial_shops, shop_statue, grunt_ministairs_11, spider_trap
Snake:3:  spider_trap, grunt_ministairs_7, st_stairs_11, serial_bayou_crossing,
          uniq_vashnia
Snake:4:  snake_pit, nicolae_large_snake_swirl
Slime:1:  nicolae_slime_barrier
Slime:3:  cheibrodos_slime_lost_civilization_5
Orc:1:    okawaru_metal_pillars_1_2
Orc:2:    uniq_rupert, uniq_nergalle
Orc:3:    serial_shops, nicolae_shop_waterfront, shop, shop_fountains,
          nicolae_shop_window_shopping, nicolae_orc_pool_cavern
Orc:4:    pubby_orc_utopia, uniq_donald
Bailey:   bailey_axe_4, bailey

Action                   |  1- 3 |  4- 6 |  7- 9 | 10-12 | 13-15 | 16-18 || total
-------------------------+-------+-------+-------+-------+-------+-------++-------
Melee: Hand axe          |    21 |    74 |   268 |   368 |       |       ||   731
       War axe           |       |       |       |   176 |       |       ||   176
       Battleaxe         |       |       |       |   291 |  1014 |   721 ||  2026
       Broad axe         |       |       |       |       |    24 |       ||    24
Invok: Berserk           |     2 |     4 |    11 |    16 |     2 |    13 ||    48
       Trog's Hand       |       |       |     1 |    16 |    18 |     8 ||    43
       Brothers in Arms  |       |       |       |     1 |     8 |    10 ||    19
Evoke: Wand              |       |       |     8 |     8 |     3 |     5 ||    24
  Use: Scroll            |       |       |     4 |    11 |    17 |    10 ||    42
       Potion            |       |       |       |     9 |     1 |     9 ||    19
 Stab: Sleeping          |     1 |       |       |       |       |       ||     1
       Invisible         |       |       |       |     5 |       |       ||     5
       Paralysed         |       |       |       |       |     2 |       ||     2
       Distracted        |       |       |       |       |       |     2 ||     2
  Eat: Bread ration      |       |     1 |     2 |       |       |     2 ||     5
       Chunk             |       |       |    15 |    37 |    22 |    10 ||    84
       Fruit             |       |       |     7 |       |     4 |     3 ||    14
       Meat ration       |       |       |       |     1 |       |     1 ||     2
       Beef jerky        |       |       |       |       |     3 |     5 ||     8
